[Event "Early-Titled-Tuesday-Blitz-September-05-2023"]
[Site "Chess.com"]
[Date "2023.09.05"]
[Round "7"]
[White "secretsuperstar7"]
[Black "Bobbybunny"]
[Result "0-1"]
[WhiteElo "2383"]
[BlackElo "2177"]
[TimeControl "180+1"]
[EndTime "9:16:04 PDT"]
[Termination "Bobbybunny won by resignation"]

1. c4 c5 2. Nc3 Nc6 3. g3 g6 4.
Bg2 Bg7 5. Nf3 e5 6. d3 d6 7. O-O Nge7 8. a3 O-O 9. Rb1 a5 10.
Ne1 Be6 11. Nc2 d5 12. cxd5 Nxd5 13. Ne3 Nde7 14. Nc2 Nd4 15. b4 Bb3 16. Rb2 cxb4 17.
axb4 a4 18. e3 Nxc2 19. Rxc2 e4 20. d4 Rc8 21. Qe2 Bxc2 22. Qxc2 Qc7 23. Qxe4 Qxc3 24. Qxe7 a3 25. Bxa3 Qxa3 26. d5 Rfe8 27. Qxb7 Rb8 28.
Qc6 Qxb4 29. e4 Be5 30. f4 Bd4+ 31. Kh1 Rec8 32. Qd7 Qd2 33. f5 Rc2 34. Qxf7+ Kxf7 35. fxg6+ Kxg6 0-1

[Event "Early-Titled-Tuesday-Blitz-September-05-2023"]
[Site "Chess.com"]
[Date "2023.09.05"]
[Round "7"]
[White "mitrabhaa"]
[Black "djano"]
[Result "1-0"]
[WhiteElo "2825"]
[BlackElo "2605"]
[TimeControl "180+1"]
[EndTime "9:16:06 PDT"]
[Termination "mitrabhaa won by resignation"]

1. Nf3 g6 2. d4 Bg7 3. e4 d6 4. Nc3 Nf6 5. h3 O-O 6. Be3 Nc6 7. Qd2 e5 8. d5 Ne7 9. Bh6 c6 10. Bxg7 Kxg7 11. dxc6 Nxc6 12. Bc4 Qc7 13. Nb5 Qb6 14. Nxd6 Rd8 15. Ng5 Nd4 16. Ngxf7 Rxd6 17. Qh6+ Kg8 18. Nxd6+ Be6 19. Bxe6+ Nxe6 20. O-O-O Nd4 21. Rxd4 Qxd4 22. Rd1 Qxf2 23. Nf5 Qf4+ 24. Qxf4 exf4 25. Nd6 Nh5 26. Nxb7 Kf7 27. Rd7+ Kf6 28. Rxh7 Re8 29. Nd6 Re6 30. Rf7+ Ke5 31. Nb5 Kxe4 32. Kd2 Ng3 33. Nc3+ Ke5 34. Rd7 Nf5 35. Rd5+ Kf6 36. Ra5 Ne3 37. Nd5+ Kg7 38. Nxe3 fxe3+ 39. Ke2 a6 40. Ra3 Rc6 41. Rc3 Rb6 42.
b3 Kf6 43. Rxe3 Rc6 44. c4 Rc5 45. Rd3 Rg5 46. g4 Ra5 47. a4 Kg5 48. Rd5+ 1-0

[Event "Early-Titled-Tuesday-Blitz-September-05-2023"]
[Site "Chess.com"]
[Date "2023.09.05"]
[Round "7"]
[White "Logman74"]
[Black "Obito24"]
[Result "0-1"]
[WhiteElo "2482"]
[BlackElo "2682"]
[TimeControl "180+1"]
[EndTime "9:16:07 PDT"]
[Termination "Obito24 won by checkmate"]

1. e4 c5 2. Nf3 d6 3. d4 cxd4 4. Nxd4 Nf6 5. Nc3 a6 6. Be2 e5 7.
Nb3 Be7 8. Be3 Be6 9. O-O O-O 10. a4 Nbd7 11. Qd2 Rc8 12. Rfd1 Qc7 13. a5 Qc6 14.
Bf3 Rfd8 15. Nc1 Nc5 16. Nd5 Bxd5 17. exd5 Qc7 18. Bxc5 dxc5 19. c4 e4 20. Be2 Bd6 21. g3 Re8 22. Qe3 Be5 23. Nb3 Bxb2 24. Rab1 Be5 25.
Bf1 h6 26. Bh3 Bd6 27. Bxc8 Qxc8 28. Nc1 Qh3 29. f3 Bxg3 30. Rb2 Be5 31. Qxc5 Bxb2 32. Rf1 Bxc1 33. Rxc1 exf3 34. Qf2 Ne4 35. Qc2 f2+ 36. Kh1 f1=Q+ 37. Rxf1 Qxf1# 0-1

[Event "Early-Titled-Tuesday-Blitz-September-05-2023"]
[Site "Chess.com"]
[Date "2023.09.05"]
[Round "7"]
[White "ArmanGhevondyanchess"]
[Black "Alexei_Gubajdullin"]
[Result "1-0"]
[WhiteElo "2478"]
[BlackElo "2589"]
[TimeControl "180+1"]
[EndTime "9:16:07 PDT"]
[Termination "ArmanGhevondyanchess won on time"]

1. Nf3 Nf6 2. g3 g6 3. Bg2 Bg7 4. O-O O-O 5. d4 d6 6. b3 Nbd7 7.
Bb2 Re8 8. c4 c6 9. Nc3 Qc7 10.
e4 e5 11. Re1 a5 12. Qc2 exd4 13. Nxd4 Nc5 14. h3 h5 15. Rad1 h4 16. g4 Nfd7 17.
f4 Ne6 18. Nxe6 fxe6 19. Qf2 Rf8 20. Kh1 g5 21. f5 Ne5 22. Rd2 Qe7 23. Red1 Nf7 24.
Na4 Bxb2 25. Nxb2 Ra6 26. Nd3 b5 27. c5 d5 28. e5 exf5 29. gxf5 Nxe5 30. Qe2 Rxf5 31.
Re1 Ra7 32. Nxe5 Qxc5 33. Nd3 Qf8 34. Nf2 Raf7 35. Ng4 Rf4 36. Ne5 Re7 37. Qh5 Qf6 38. Rde2 Bf5 39. Nd7 Bxd7 40. Rxe7 1-0

[Event "Early-Titled-Tuesday-Blitz-September-05-2023"]
[Site "Chess.com"]
[Date "2023.09.05"]
[Round "7"]
[White "UB_TheQueen"]
[Black "TC2304"]
[Result "1-0"]
[WhiteElo "2089"]
[BlackElo "2332"]
[TimeControl "180+1"]
[EndTime "9:16:08 PDT"]
[Termination "UB_TheQueen won by resignation"]

1. e4 c6 2. d4 d5 3. e5 c5 4.
Nf3 Nc6 5. dxc5 Bf5 6. c3 e6 7. b4 a5 8. Bb5 Ne7 9. Nd4 Bg6 10. Bg5 Qc7 11. O-O Nf5 12. Qa4 Nxd4 13. cxd4 Be7 14. Bxe7 Kxe7 15. Bxc6 bxc6 16. b5 cxb5 17.
Qxb5 Rhb8 18. Qe2 Rb4 19. Rd1 Rab8 20. Nc3 Rb2 21. Qe3 Rc2 22. a4 Rb3 23. Nxd5+ exd5 24.
Qxb3 Qd7 25. Qb5 Qf5 26. Qb7+ Ke8 27. Rf1 Bh5 28. Qxd5 Be2 29. Rab1 Qc8 30. Rfe1 Bd3 31.
Qd6 Re2 32. Rxe2 Bxb1 33. Rb2 1-0

[Event "Early-Titled-Tuesday-Blitz-September-05-2023"]
[Site "Chess.com"]
[Date "2023.09.05"]
[Round "7"]
[White "PeshkaCh"]
[Black "dropstoneDP"]
[Result "0-1"]
[WhiteElo "2793"]
[BlackElo "3003"]
[TimeControl "180+1"]
[EndTime "9:16:09 PDT"]
[Termination "dropstoneDP won on time"]

1. Nf3 d5 2. d4 Nf6 3. c4 e6 4. Nc3 c5 5. cxd5 Nxd5 6. e4 Nxc3 7. bxc3 cxd4 8. cxd4 Bb4+ 9. Bd2 Bxd2+ 10. Qxd2 O-O 11.
Bc4 Nd7 12. O-O b6 13. d5 Nf6 14. dxe6 Bxe6 15. Bxe6 Qxd2 16. Bxf7+ Rxf7 17. Nxd2 Rd8 18. e5 Rxd2 19. exf6 Rxf6 20. a4 Rf5 21. Rac1 Ra2 22. Rc8+ Rf8 23. Rc4 h6 24. h3 Rf5 25. Rg4 Ra5 26. Rd1 R2xa4 27. Rd8+ Kh7 28. Rg3 Rg5 29. Rf3 b5 30. Rd7 a5 31. Rff7 b4 32. f4 Rg3 33.
Kh2 Raa3 34. f5 Rg5 35. g4 b3 36. f6 a4 37. Rxg7+ Rxg7 38. Rxg7+ Kh8 39. Rb7 Ra1 40. Kg2 Kg8 41. h4 Rc1 42. g5 hxg5 43. hxg5 Rc5 44. Kf3 Rxg5 45. Ke3 Ra5 46. Kd2 a3 47. Rxb3 a2 48.
Rg3+ Kf8 49. Rg1 a1=Q 50. Rxa1 Rxa1 0-1

[Event "Early-Titled-Tuesday-Blitz-September-05-2023"]
[Site "Chess.com"]
[Date "2023.09.05"]
[Round "7"]
[White "Parhamov"]
[Black "Bigfish1995"]
[Result "0-1"]
[WhiteElo "2925"]
[BlackElo "3100"]
[TimeControl "180+1"]
[EndTime "9:16:10 PDT"]
[Termination "Bigfish1995 won on time"]

1. e4 a6 2. d4 Ra7 3. Bd3 Ra8 4. Ne2 g6 5. O-O Bg7 6. c3 d6 7. f4 c5 8. dxc5 dxc5 9. Be3 Qc7 10. h3 c4 11. Bc2 Nc6 12. Nd2 b5 13. a4 Bb7 14.
axb5 axb5 15. Rxa8+ Bxa8 16. Qa1 Bb7 17. Qa3 Nf6 18. Qc5 Qa5 19. b4 Qa6 20. Qb6 Qxb6 21. Bxb6 O-O 22. Ra1 Nd7 23. Bd4 e5 24. fxe5 Ndxe5 25. Be3 Rd8 26. Ra3 Nd3 27. Nf3 f5 28. exf5 Re8 29.
Ned4 Rxe3 30. Nxb5 Ne7 0-1

[Event "Early-Titled-Tuesday-Blitz-September-05-2023"]
[Site "Chess.com"]
[Date "2023.09.05"]
[Round "7"]
[White "Herzog2012"]
[Black "Harry_Rakkel"]
[Result "0-1"]
[WhiteElo "2468"]
[BlackElo "2668"]
[TimeControl "180+1"]
[EndTime "9:16:10 PDT"]
[Termination "Harry_Rakkel won by checkmate"]

1. e4 c5 2. Nf3 e6 3. d4 cxd4 4. Nxd4 a6 5. Nc3 b5 6. Bd3 Bb7 7. O-O Ne7 8. Qe2 Nec6 9. Be3 Nxd4 10. Bxd4 Nc6 11. Be3 Be7 12. f4 O-O 13. a4 b4 14.
Nd1 d6 15. Rf3 Bf6 16. Rc1 g6 17. Qf2 Qa5 18. b3 Rac8 19. e5 dxe5 20. Bb6 Qd5 21. Ne3 Qd7 22. Ng4 Bg7 23. Qh4 Qe7 24. Qxe7 Nxe7 25. fxe5 Bxf3 26. gxf3 Nd5 27. Bf2 Rc6 28. Bf5 gxf5 29. Ne3 Nxe3 30. Bxe3 Rfc8 31. Rd1 Bxe5 32. f4 Bf6 33. Rd7 Rxc2 34. Bf2 Rb2 35. Rd3 Rc1+ 36.
Kg2 Rcc2 37. Rg3+ Kf8 38. Kh3 Rxf2 39. Rg2 Rf3+ 40. Rg3 Rxg3+ 41. hxg3 Rxb3 42. a5 Ra3 43. Kg2 b3 44. Kh3 b2 45. Kg2 b1=Q 46. Kh3 Qh1# 0-1

[Event "Early-Titled-Tuesday-Blitz-September-05-2023"]
[Site "Chess.com"]
[Date "2023.09.05"]
[Round "7"]
[White "vishwa_vijeta"]
[Black "Heinza9"]
[Result "1-0"]
[WhiteElo "2524"]
[BlackElo "2293"]
[TimeControl "180+1"]
[EndTime "9:16:11 PDT"]
[Termination "vishwa_vijeta won by checkmate"]

1. e4 e5 2. Nf3 Nc6 3. d4 exd4 4.
Bc4 Bc5 5. c3 dxc3 6. Bxf7+ Kxf7 7. Qd5+ Kf8 8. Qxc5+ Qe7 9. Qxc3 Qxe4+ 10. Be3 d6 11.
O-O Nf6 12. Nbd2 Qb4 13. Qc2 Bg4 14. Rfe1 Re8 15. Bg5 Qc5 16. Qb3 Bc8 17. Bxf6 gxf6 18. Ne4 Qf5 19. Ng3 Qg6 20. Qc3 Kg7 21. b4 a6 22. a4 Rxe1+ 23. Rxe1 Re8 24. Rc1 Re7 25. h3 Ne5 26. Nd4 h5 27. Re1 h4 28. Nge2 Kh7 29.
Nf4 Qg5 30. Nd5 Rg7 31. Qc2+ Kh8 32. f3 Bxh3 33. Re2 Bc8 34. f4 Qg3 35. fxe5 fxe5 36. Nf5 Bxf5 37. Qxf5 h3 38. Qh5+ Kg8 39. Nf6+ Kf8 40.
Qe8# 1-0

[Event "Early-Titled-Tuesday-Blitz-September-05-2023"]
[Site "Chess.com"]
[Date "2023.09.05"]
[Round "7"]
[White "nrvignesh"]
[Black "kushbhagat2009"]
[Result "1-0"]
[WhiteElo "2834"]
[BlackElo "2627"]
[TimeControl "180+1"]
[EndTime "9:16:14 PDT"]
[Termination "nrvignesh won by resignation"]

1. Nf3 Nf6 2. g3 g6 3. b3 Bg7 4. Bb2 O-O 5. c4 d6 6. d4 e5 7. dxe5 Nfd7 8. Bg2 dxe5 9. Qc2 Nc6 10. O-O e4 11. Nfd2 Bxb2 12. Qxb2 f5 13. Nc3 Nce5 14. Rfd1 c6 15. c5 Qe7 16. b4 a5 17. a3 axb4 18. axb4 Rxa1 19. Qxa1 b6 20. cxb6 Nxb6 21. Qa5 Nbd7 22.
Na4 e3 23. fxe3 Ng4 24. Nf1 Nxe3 25. Nxe3 Qxe3+ 26. Kf1 Ne5 27. Qc5 f4 28. Qxe3 fxe3+ 29. Kg1 Bg4 30. Nc3 Rf2 31. Rf1 Bxe2 32. Rxf2 exf2+ 33. Kxf2 Bc4 34. Ke3 Kf7 35. Kd4 Ke6 36. Bh3+ 1-0

[Event "Early-Titled-Tuesday-Blitz-September-05-2023"]
[Site "Chess.com"]
[Date "2023.09.05"]
[Round "7"]
[White "angryspacevoid"]
[Black "kingofthenil"]
[Result "0-1"]
[WhiteElo "2605"]
[BlackElo "2735"]
[TimeControl "180+1"]
[EndTime "9:16:14 PDT"]
[Termination "kingofthenil won by checkmate"]

1. e4 e6 2. d4 d5 3. Nc3 Nf6 4.
e5 Nfd7 5. f4 c5 6. Nf3 Nc6 7.
Be3 b6 8. Qd2 Be7 9. Be2 O-O 10.
O-O f5 11. Nd1 a5 12. c4 cxd4 13. Nxd4 Nxd4 14. Bxd4 Bb7 15. Ne3 Nc5 16. cxd5 Ne4 17. Qc2 Rc8 18. Qb3 Nd2 19. Qxb6 Qxb6 20. Bxb6 Nxf1 21.
Bxf1 exd5 22. Rd1 Bc5 23. Bxc5 Rxc5 24. h3 g6 25. a4 Kf7 26. Bb5 Ke6 27. Rd2 g5 28.
fxg5 Kxe5 29. h4 d4 30. Nc4+ Kf4 31. Rxd4+ Be4 32. Nxa5 Rc1+ 33. Kh2 Rc2 34. Kh3 Ke3 35. Rb4 Bxg2+ 36. Kg3 f4+ 37. Kg4 Bf3+ 38. Kh3 h5 39. gxh6 Rg8 40. Nc4+ Kf2 41. Ne5 Rg3+ 42. Kh2 Ke3+ 43.
Be2 Rxe2# 0-1

[Event "Early-Titled-Tuesday-Blitz-September-05-2023"]
[Site "Chess.com"]
[Date "2023.09.05"]
[Round "7"]
[White "Roedor"]
[Black "WPWPWP-2015"]
[Result "0-1"]
[WhiteElo "2447"]
[BlackElo "2555"]
[TimeControl "180+1"]
[EndTime "9:16:14 PDT"]
[Termination "WPWPWP-2015 won by resignation"]

1. d4 d5 2. c4 c6 3. Nf3 Nf6 4.
Nc3 dxc4 5. g3 Bf5 6. Bg2 e6 7.
Ne5 Nbd7 8. Nxc4 Nb6 9. Ne5 Nfd7 10. Nd3 Be7 11. h4 h6 12. h5 O-O 13. O-O Nf6 14. Ne5 Nbd7 15. e4 Bh7 16. Qe2 Nxe5 17. dxe5 Nd7 18. f4 Bc5+ 19. Kh2 b5 20. a3 a5 21. Be3 b4 22. Na4 Be7 23. Rfd1 Qc7 24.
Rxd7 Qxd7 25. Nb6 Qc7 26. Nxa8 Rxa8 27. axb4 Bxb4 28. Qc4 Rd8 29. Rc1 c5 30. b3 Rc8 31.
Rd1 Kh8 32. Rd6 Bg8 33. f5 exf5 34. exf5 f6 35. Qd3 c4 36. Qd2 Bxd2 0-1

[Event "Early-Titled-Tuesday-Blitz-September-05-2023"]
[Site "Chess.com"]
[Date "2023.09.05"]
[Round "7"]
[White "Korchmar_Vasiliy"]
[Black "DrDreBeats"]
[Result "1-0"]
[WhiteElo "2713"]
[BlackElo "2554"]
[TimeControl "180+1"]
[EndTime "9:16:15 PDT"]
[Termination "Korchmar_Vasiliy won by resignation"]

1. e4 d5 2. exd5 Qxd5 3. Nc3 Qa5 4. d4 Nf6 5. Nf3 Nc6 6. Bb5 Nd5 7. O-O Nxc3 8. Bxc6+ bxc6 9. bxc3 Qxc3 10. Bf4 Bg4 11. Rb1 Bxf3 12. Qxf3 Qxf3 13. gxf3 e6 14. Bxc7 Be7 15.
Rb7 O-O 16. Rfb1 Bf6 17. c3 h5 18. f4 Kh7 19. Kg2 Kg6 20. Kf3 Rfc8 21. Bd6 Rd8 22.
Bc5 a5 23. Rg1+ Kh7 24. Rxf7 Rab8 25. Ra7 Rb5 26. Be7 Bxe7 27. Rxe7 Rg8 28. Rxe6 Rf5 29. Rg5 Rxg5 30. fxg5 Rf8+ 31. Ke3 c5 32. dxc5 Rf5 33. f4 Rxc5 34. Kd4 Rc8 35. Re2 Rd8+ 36. Kc5 Rc8+ 37. Kd4 Rd8+ 38. Ke4 Re8+ 39. Kd3 Rd8+ 40. Kc2 Kg6 41.
Re5 a4 42. c4 h4 43. c5 Rd4 44. Kc3 Rxf4 45. c6 Rf1 46. Rc5 Rf8 47. c7 Rc8 48. Kb4 h3 49. Kb5 Kf7 50. Kb6 Ke7 51. Kb7 Rf8 52. c8=Q 1-0

[Event "Early-Titled-Tuesday-Blitz-September-05-2023"]
[Site "Chess.com"]
[Date "2023.09.05"]
[Round "7"]
[White "andrzej"]
[Black "brm72"]
[Result "1-0"]
[WhiteElo "2406"]
[BlackElo "2542"]
[TimeControl "180+1"]
[EndTime "9:16:15 PDT"]
[Termination "andrzej won by resignation"]

1. e4 e6 2. d4 d5 3. Nc3 Bb4 4. e5 Ne7 5. a3 Bxc3+ 6. bxc3 c5 7. Qg4 Qc7 8. Bd3 cxd4 9. Ne2 dxc3 10.
Qxg7 Rg8 11. Qxh7 d4 12. h4 Nbc6 13. Bg5 Qxe5 14. f4 Qc5 15. h5 Bd7 16. h6 a6 17.
Qe4 Nd5 18. h7 Rh8 19. Qf3 Nce7 20. Be4 Bc6 21. Rd1 Ne3 22. Bxc6+ Nxc6 23. Qe4 Nxd1 24. Bf6 Kd7 25. Kxd1 Qc4 26. Nc1 Kc7 27. Nd3 Rad8 28. f5 Qd5 29. Qxd5 Rxd5 30. Bxh8 Rc5 31. Bf6 Rxf5 32.
h8=Q 1-0

[Event "Early-Titled-Tuesday-Blitz-September-05-2023"]
[Site "Chess.com"]
[Date "2023.09.05"]
[Round "7"]
[White "FREDERICKtheMATE"]
[Black "Gauravthegm"]
[Result "1-0"]
[WhiteElo "2536"]
[BlackElo "2416"]
[TimeControl "180+1"]
[EndTime "9:16:15 PDT"]
[Termination "FREDERICKtheMATE won by resignation"]

1. Nf3 Nf6 2. g3 c5 3. Bg2 d5 4. O-O Nc6 5. c3 g6 6. d4 cxd4 7. cxd4 Bg7 8. Nc3 O-O 9. Bf4 Ne4 10. Rc1 Bf5 11. Ne5 Nxc3 12. Rxc3 Nxe5 13. dxe5 Qa5 14. Qxd5 Qxd5 15. Bxd5 Rfd8 16. Bxb7 Rab8 17. Bf3 Rxb2 18. Rfc1 Rxa2 19. Rc7 Bf8 20. g4 Be6 21. Bg5 Ra4 22.
h3 Ra5 23. Bxe7 Bxe7 24. Rxe7 Rxe5 25. Rxa7 Rd7 26. Rxd7 Bxd7 27. Rc7 Be6 28. Kg2 Kg7 29. Kg3 Ra5 30. h4 Bd5 31. e4 Be6 32. g5 Ra3 33. Kf4 Ra2 34. Kg3 Ra3 35. Rc2 h5 36. Kf4 Ra4 37. Be2 Ra3 38. f3 Ra1 39. Kg3 Rg1+ 40. Kh2 Re1 41. Kg2 Ra1 42. f4 Ra4 43. Bd3 Ra3 44.
Rd2 Bg4 45. Kf2 Be6 46. f5 gxf5 47. exf5 Bc8 48. f6+ Kg8 49. Be4 1-0

[Event "Early-Titled-Tuesday-Blitz-September-05-2023"]
[Site "Chess.com"]
[Date "2023.09.05"]
[Round "7"]
[White "Alexander_Donchenko"]
[Black "Let_it_be_1"]
[Result "1-0"]
[WhiteElo "2852"]
[BlackElo "2639"]
[TimeControl "180+1"]
[EndTime "9:16:16 PDT"]
[Termination "Alexander_Donchenko won on time"]

1. d4 d5 2. c4 e6 3. Nf3 Nf6 4. g3 Be7 5. Bg2 O-O 6. O-O dxc4 7. Qc2 a6 8. a4 Bd7 9. Qxc4 Bc6 10. Bf4 Nbd7 11. Nc3 Nb6 12. Qd3 Nbd5 13. Bg5 Nxc3 14.
bxc3 Be4 15. Qe3 Bd5 16. Bxf6 Bxf6 17. Qd3 Bc6 18. a5 Qd5 19. Rfe1 Qe4 20. Qxe4 Bxe4 21. Nd2 Bxg2 22. Kxg2 b5 23. Ne4 Be7 24. c4 c6 25.
Rec1 Rfd8 26. e3 f5 27. Nd2 c5 28. Nb3 cxd4 29. Nxd4 bxc4 30. Rxc4 Bf6 31. Rb1 Bxd4 32. exd4 Ra7 33. Rb6 Kf7 34. Kf3 Rd5 35. Rcc6 Rxa5 36. Rxe6 Rd5 37. Ke3 a5 38. Ra6 Rdd7 39. Red6 Re7+ 40.
Kf4 Rxa6 41. Rxa6 g6 42. f3 Rd7 43. Ke5 Re7+ 44. Kd5 Re3 45. f4 Ra3 46. Ra7+ Kf6 47. Rxh7 a4 48. Ra7 Ra2 49. Ra6+ Kf7 50. Kd6 Rxh2 51. Rxa4 Rg2 52. Ra3 Rd2 53. d5 Kf6 54. Kc6 g5 55. d6 gxf4 56. gxf4 Rd4 57. d7 Ke7 58. Re3+ 1-0

[Event "Early-Titled-Tuesday-Blitz-September-05-2023"]
[Site "Chess.com"]
[Date "2023.09.05"]
[Round "7"]
[White "AndreiITrifan"]
[Black "Mops_2004"]
[Result "0-1"]
[WhiteElo "2627"]
[BlackElo "2827"]
[TimeControl "180+1"]
[EndTime "9:16:16 PDT"]
[Termination "Mops_2004 won by resignation"]

1. e4 g6 2. d4 Bg7 3. Nc3 d6 4.
f4 Nf6 5. Nf3 c5 6. dxc5 Qa5 7.
Bb5+ Bd7 8. Bxd7+ Nbxd7 9. cxd6 Nxe4 10. Bd2 Nxd6 11. Qe2 O-O 12. O-O-O Rfe8 13. Kb1 Rac8 14. Be1 Qb6 15. Na4 Qc6 16. b3 Ne4 17. Nd4 Bxd4 18.
Rxd4 Ndf6 19. g4 b5 20. g5 bxa4 21. gxf6 exf6 22. Qd1 a3 23. Bb4 Nc3+ 24. Bxc3 Qxc3 25. Qc1 Qxd4 26. Qxa3 Qe4 27. Rc1 Re6 28. h4 Rec6 29.
h5 Rxc2 0-1

[Event "Early-Titled-Tuesday-Blitz-September-05-2023"]
[Site "Chess.com"]
[Date "2023.09.05"]
[Round "7"]
[White "CSB7"]
[Black "ArtemDyachuk"]
[Result "1-0"]
[WhiteElo "2707"]
[BlackElo "2570"]
[TimeControl "180+1"]
[EndTime "9:16:16 PDT"]
[Termination "CSB7 won on time"]

1. e4 c5 2. Nf3 d6 3. Bb5+ Nd7 4. Ba4 g6 5. c3 Bg7 6. O-O Nf6 7. Re1 O-O 8. d4 cxd4 9. cxd4 a6 10. Bb3 e5 11.
Nc3 Rb8 12. Bg5 h6 13. Bh4 b5 14. dxe5 dxe5 15. Nd5 g5 16. Bg3 Nh5 17. Nxe5 Nxe5 18. Bxe5 Bxe5 19. Qxh5 Kg7 20. Qe2 Be6 21. Rad1 Qa5 22. g3 Rbd8 23. f4 Bb8 24. fxg5 hxg5 25. Qh5 f6 26. Ne7 Qb6+ 27. Kh1 Rf7 28. Nf5+ Kg8 29. Rxd8+ Qxd8 30. Bxe6 1-0

[Event "Early-Titled-Tuesday-Blitz-September-05-2023"]
[Site "Chess.com"]
[Date "2023.09.05"]
[Round "7"]
[White "qx4z"]
[Black "TrenerChos"]
[Result "1-0"]
[WhiteElo "2826"]
[BlackElo "2620"]
[TimeControl "180+1"]
[EndTime "9:16:17 PDT"]
[Termination "qx4z won on time"]

1. d4 Nf6 2. Bf4 g6 3. Nc3 Bg7 4. e4 d6 5. Qd2 O-O 6. O-O-O Nc6 7. Nf3 Bg4 8. Qe3 Nd7 9. Bg5 Qe8 10. Bh6 Bxf3 11.
gxf3 e5 12. dxe5 Ndxe5 13. Be2 f5 14. Bxg7 Kxg7 15. h4 fxe4 16. fxe4 Qf7 17. Nd5 Qxf2 18. Qd2 Nf3 19. Qc3+ Nce5 20. Bxf3 Rxf3 21. Qxc7+ Rf7 22. Qxd6 Nc4 23. Qb4 Rc8 24. Qc3+ Kg8 25. h5 Rf3 26. Ne7+ Kf7 27. hxg6+ Ke6 28. Qb4 a5 29. Qxb7 Rc5 30. Qd7+ Ke5 31. Nc6+ Kf4 32. Qf7+ Ke3 33. Rhe1+ Qxe1 34. Rxe1+ Kf2 35. Rf1+ 1-0

[Event "Early-Titled-Tuesday-Blitz-September-05-2023"]
[Site "Chess.com"]
[Date "2023.09.05"]
[Round "7"]
[White "Taran2004"]
[Black "Boundless_Strike"]
[Result "0-1"]
[WhiteElo "2357"]
[BlackElo "2541"]
[TimeControl "180+1"]
[EndTime "9:16:18 PDT"]
[Termination "Boundless_Strike won by resignation"]

1. e4 d6 2. d4 e5 3. Nf3 Bg4 4. dxe5 Nc6 5. exd6 Bxd6 6. Nc3 Qe7 7. h3 Bh5 8. Bd3 O-O-O 9. Be3 Nf6 10. Qd2 Bb4 11. a3 Nxe4 12. Bxe4 Rxd2 13. Bf5+ Kb8 14. Nxd2 Bxc3 15.
bxc3 Bg6 16. Bxg6 hxg6 17. O-O Qe5 18. c4 Qc3 19. a4 Re8 20. Nf3 Qxc4 21. a5 a6 22.
Rab1 Nxa5 23. Nd4 Nc6 24. Nb3 Kc8 25. Rfe1 b6 26. Nd2 Qe6 27. Nf3 Qf5 28. c4 a5 29. c5 bxc5 30. Rb5 a4 31. Rxc5 Qd7 32. Rec1 Re6 33. R5c4 Rd6 34. R1c2 Na5 35. R4c3 Rc6 36. Rxc6 Nxc6 37. Rc4 a3 38. Rc1 Nb4 39. Nd4 Qd5 40.
Ra1 a2 41. g3 c5 42. Nb5 Nc2 43.
Nc3 Nxa1 44. Nxd5 Nb3 45. Bf4 a1=Q+ 0-1

[Event "Early-Titled-Tuesday-Blitz-September-05-2023"]
[Site "Chess.com"]
[Date "2023.09.05"]
[Round "7"]
[White "Stouuf"]
[Black "Emp3rador"]
[Result "0-1"]
[WhiteElo "2607"]
[BlackElo "2479"]
[TimeControl "180+1"]
[EndTime "9:16:19 PDT"]
[Termination "Emp3rador won by checkmate"]

1. e4 e6 2. d4 d5 3. Nd2 dxe4 4. Nxe4 Nd7 5. Bd3 Ngf6 6. Qe2 Be7 7. Nf3 O-O 8. Bg5 c5 9. O-O-O cxd4 10. Kb1 Qb6 11.
h4 a5 12. Nxf6+ Nxf6 13. Bxf6 Bxf6 14. Bxh7+ Kxh7 15. Ng5+ Kg8 16. Qh5 Rd8 17. Qxf7+ Kh8 18. Qh5+ Kg8 19. Qf7+ Kh8 20. Qg6 Kg8 21. Nh7 e5 22.
Rhe1 Bd7 23. Rxe5 Be8 24. Nxf6+ Qxf6 25. Qe4 Bg6 26. Qe2 d3 27. cxd3 Rxd3 28. Rxd3 Bxd3+ 29. Qxd3 Qxe5 30. a3 Re8 31. Qc4+ Qe6 32. Qc3 Qe1+ 33.
Ka2 Qxc3 34. bxc3 Re2+ 35. Kb3 Rxf2 36. Kc4 Rxg2 37. Kb5 Rg4 38. c4 Rxh4 39. Ka4 Rh5 40. c5 Rxc5 41. Kb3 g5 42. Ka4 g4 43. Kb3 g3 44. Ka4 g2 45. Kb3 g1=Q 46. Ka4 Qd1# 0-1

[Event "Early-Titled-Tuesday-Blitz-September-05-2023"]
[Site "Chess.com"]
[Date "2023.09.05"]
[Round "7"]
[White "DarZay"]
[Black "NigelDwarf"]
[Result "1-0"]
[WhiteElo "2273"]
[BlackElo "2532"]
[TimeControl "180+1"]
[EndTime "9:16:20 PDT"]
[Termination "DarZay won by checkmate"]

1. e4 c5 2. Nf3 d6 3. d4 Nf6 4.
Nc3 cxd4 5. Nxd4 a6 6. Be2 e5 7. Nb3 Be7 8. O-O O-O 9. a3 b5 10. Be3 Bb7 11. f3 Nbd7 12. Nd2 Rc8 13. Qe1 d5 14. exd5 Nxd5 15. Nxd5 Bxd5 16. Bd3 Nc5 17. Be4 Na4 18. Qg3 Bxe4 19. Nxe4 Bh4 20. Qxe5 Re8 21.
Qd6 Rxc2 22. Bf4 Qxd6 23. Bxd6 f5 24. Ng3 Bxg3 25. Bxg3 f4 26. Bxf4 Ree2 27. Rad1 Rxg2+ 28. Kh1 Nxb2 29. Rd7 h5 30. Re1 Rgf2 31. Rg1 Rxf3 32. Rgxg7+ Kh8 33. Rh7+ Kg8 34. Rdg7+ Kf8 35. Bd6+ Ke8 36.
Rg8+ Rf8 37. Rxf8# 1-0

[Event "Early-Titled-Tuesday-Blitz-September-05-2023"]
[Site "Chess.com"]
[Date "2023.09.05"]
[Round "7"]
[White "m_ezat"]
[Black "the-gambler"]
[Result "0-1"]
[WhiteElo "2680"]
[BlackElo "2526"]
[TimeControl "180+1"]
[EndTime "9:16:22 PDT"]
[Termination "the-gambler won by resignation"]

1. d4 Nf6 2. c4 e6 3. Nc3 d5 4.
cxd5 exd5 5. Bg5 c6 6. Qc2 Be7 7. e3 h6 8. Bxf6 Bxf6 9. Bd3 O-O 10. Nge2 Re8 11. O-O a5 12. a3 Nd7 13. b4 axb4 14.
axb4 Rxa1 15. Rxa1 b5 16. Rb1 Nb6 17. h3 Be7 18.
Nf4 Bd6 19. Nce2 Nc4 20. Bxc4 dxc4 21. Nh5 Qg5 22. Nhg3 h5 23. Rb2 h4 24. Ne4 Qg6 25. Nxd6 Qxd6 26. Nc3 Qe7 27. d5 cxd5 28. Nxd5 Qe5 29.
Nc3 Rd8 30. Ne2 Bf5 31. Qc1 Be4 32. Nd4 Qg5 33. Qf1 c3 34. Rb3 c2 35. Rc3 Rxd4 36.
exd4 Bxg2 37. Rc8+ Kh7 38. f4 Bxf1+ 39. fxg5 Bc4 0-1

[Event "Early-Titled-Tuesday-Blitz-September-05-2023"]
[Site "Chess.com"]
[Date "2023.09.05"]
[Round "7"]
[White "Sibelephant"]
[Black "nrvisakh"]
[Result "1-0"]
[WhiteElo "3148"]
[BlackElo "2868"]
[TimeControl "180+1"]
[EndTime "9:16:23 PDT"]
[Termination "Sibelephant won by resignation"]

1. Nf3 Nf6 2. g3 d5 3. Bg2 g6 4. c4 c6 5. Qa4 Nbd7 6. cxd5 cxd5 7. Nc3 Bg7 8. O-O O-O 9. d4 Nb6 10. Qb3 Ne4 11. a4 Nxc3 12. bxc3 Nc4 13. Nd2 Nxd2 14. Bxd2 e6 15. a5 Bd7 16. Qxb7 Qc8 17. a6 Bc6 18. Qxc8 Rfxc8 19. Rfb1 Rcb8 20. Bf4 Rb6 21. Rxb6 axb6 22. a7 Kf8 23. e3 Ke8 24. Bb8 Kd7 25.
Ra6 b5 26. e4 Bf8 27. exd5 exd5 28. Rb6 Be7 29. Bf1 Bd8 30. Rxb5 Bc7 31. Rb3 Kc8 32. Ba6+ Kd7 33. Bb7 1-0

[Event "Early-Titled-Tuesday-Blitz-September-05-2023"]
[Site "Chess.com"]
[Date "2023.09.05"]
[Round "7"]
[White "Beca95"]
[Black "assezde36"]
[Result "0-1"]
[WhiteElo "2976"]
[BlackElo "2805"]
[TimeControl "180+1"]
[EndTime "9:16:23 PDT"]
[Termination "assezde36 won by resignation"]

1. d4 Nf6 2. c4 e6 3. Nc3 Bb4 4. Qc2 O-O 5. Nf3 b6 6. e4 Bxc3+ 7. bxc3 d6 8. Bd3 e5 9. Bg5 h6 10. Bh4 Nc6 11. h3 exd4 12. Nxd4 Ne5 13. O-O Ng6 14.
Bg3 Nh5 15. Bh2 Qg5 16. Kh1 Nhf4 17. Rg1 Bd7 18. Bf1 Qh5 19. Qd2 Qg5 20. g3 Nxh3 21. f4 Qh5 22. Rg2 Bg4 23. Re1 Rae8 24. Bd3 c5 25. Nf5 Bf3 26. Nxd6 Rd8 27. e5 Qg4 28. Bf1 Rd7 29. Re3 Rfd8 30. Rxf3 Qxf3 31. Qe2 Qc6 32. Qg4 Nf2+ 0-1